Map: World of Sleepers LE

Players

Kas

  • Race: Terran Terran
  • Spawn Location: 1:00

SKillous - Winner!

  • Race: Protoss Protoss
  • Spawn Location: 7:00

Event: IEM Katowice 2020

VOD

Have the link to the VOD?

Description

Time

  • Played on: Feb. 24, 2020, 11:25 a.m.
  • Length: 5:37

All games in this series

Show
View Real Time Build Order
Export as new Build Order

Kas Terran 

Build Orders:  

Get SALT Encoding   

  12  0:01  SCV  
  13  0:13  SCV  
  14  0:17  Supply Depot  
  14  0:25  SCV  
  15  0:38  SCV  
  15  0:40  Barracks  
  16  0:45  Refinery  
  16  0:50  SCV  
  17  1:03  SCV  
  18  1:15  SCV  
  19  1:28  Orbital Command  
  19  1:30  Barracks Reactor  
  19  1:41  Command Center  
  19  1:49  Supply Depot  
  19  1:55  SCV  
  20  2:07  Marine x2, SCV  
  23  2:13  Factory  
  23  2:19  SCV  
  24  2:25  Marine x2  
  24  2:26  Refinery  
  26  2:41  SCV, Bunker  
  26  2:43  Marine x2  
  28  2:59  SCV  
  28  3:00  Hellion  
  29  3:07  Marine x2  
  29  3:10  Starport  
  29  3:11  SCV  
  31  3:22  Supply Depot  
  31  3:38  SCV  
  31  3:43  Marine  
  31  3:44  Hellion x2  
  31  3:46  Starport Tech Lab  
  36  3:50  SCV  
  37  3:56  Command Center  
  37  4:02  SCV  
  38  4:12  Factory Tech Lab  
  38  4:16  Supply Depot  
  38  4:17  SCV  
  38  4:22  Barracks  
  38  4:23  Barracks  
  39  4:29  SCV, Marine  
  39  4:30  Marine  
  38  4:37  Banshee, Siege Tank  
  44  4:41  SCV  
  43  4:47  Marine, Supply Depot  
  43  4:48  Marine  
  45  4:53  SCV  
  46  5:05  Marine  
  47  5:07  Marine, SCV  
  47  5:10  Barracks Tech Lab  
  52  5:19  SCV  
Show
View Real Time Build Order
Export as new Build Order

SKillous Protoss - Winner!

Build Orders: 1 Gate Expand, Blink Stalkers 

Get SALT Encoding   

  12  0:00  Probe  
  13  0:13  Probe  
  14  0:19  Pylon  
  14  0:25  Probe  
  15  0:37  Probe, Pylon  
  16  0:49  Probe  
  17  0:55  Gateway  
  17  0:58  Assimilator  
  17  1:01  Probe  
  18  1:13  Probe  
  19  1:25  Probe  
  20  1:32  Nexus  
  20  1:40  Zealot (Chrono Boost)  
  22  1:48  Cybernetics Core  
  22  1:51  Probe  
  23  1:56  Assimilator  
  23  2:01  Zealot (Chrono Boost)  
  23  2:05  Probe  
  26  2:17  Probe  
  26  2:21  Stalker (Chrono Boost)  
  27  2:28  Shield Battery  
  27  2:29  Probe  
  30  2:32  Warp Gate  
  30  2:41  Probe  
  30  2:42  Twilight Council  
  31  2:48  Stalker  
  33  2:54  Probe  
  32  3:09  Probe (Chrono Boost)  
  32  3:11  Probe (Chrono Boost)  
  31  3:18  Stalker  
  35  3:20  Probe (Chrono Boost), Blink (Chrono Boost)  
  35  3:22  Probe (Chrono Boost)  
  35  3:26  Probe (Chrono Boost)  
  35  3:32  Probe (Chrono Boost)  
  38  3:43  Probe (Chrono Boost)  
  38  3:44  Probe (Chrono Boost)  
  38  3:46  Gateway  
  39  3:48  Gateway  
  39  3:50  Probe (Chrono Boost)  
  39  3:52  Probe (Chrono Boost)  
  41  3:56  Robotics Facility  
  41  3:59  Probe  
  42  4:02  Pylon  
  42  4:05  Probe  
  43  4:11  Probe  
  43  4:16  Pylon  
  44  4:17  Probe  
  44  4:21  Stalker  
  44  4:23  Probe  
  48  4:30  Probe  
  49  4:33  Pylon  
  49  4:35  Probe  
  48  4:45  Observer  
  48  4:46  Stalker x3  
  48  4:50  Gateway x2  
  48  4:52  Assimilator  
  54  4:54  Gateway  
  54  4:56  Probe  
  55  5:01  Pylon  
  55  5:03  Probe  
  56  5:08  Assimilator  
  56  5:12  Stalker  
  58  5:17  Stalker  

Tags
 
Add a new tag
Caveats
  • Supply blocks, unpowered buildings, or Contaminate may cause inaccurate times.
  • Supply counts are checked every 10 seconds.